 Dungeon Crawl Stone Soup version 0.14-a0-1266-g856eec9 (webtiles) character file.

273 PolkaDot the Ruinous (level 5, 0/35 HPs)
             Began as a Vampire Conjurer on Dec 3, 2013.
             Slain by a jackal (2 damage)
             ... on Level 4 of the Dungeon.
             The game lasted 00:14:45 (3302 turns).

PolkaDot the Ruinous (Vampire Conjurer)             Turns: 3302, Time: 00:14:45

HP   0/35        AC  3     Str  7      XL: 5   Next: 56%
MP   5/9         EV 12     Int 18      God:
Gold 63          SH  0     Dex 14      Spells:  2 memorised,  5 levels left

rFire  + + .     SeeInvis +     h - +3,+1 dwarf dagger (venom)
rCold  + + .     Clarity  .     k - +1 robe {rC+ rF+}
rNeg   . . .     Conserve .     (no shield)
rPois  +         rCorr    .     (no helmet)
rElec  +         rRot     .     (no cloak)
SustAb . .       Spirit   .     (no gloves)
rMut   .         Warding  .     (no boots)
Saprov . . .     Stasis   .     (no amulet)
                                (no ring)
                                (no ring)

@: regenerating quickly, very slightly contaminated, hasted, very quick,
slightly resistant to hostile enchantments, stealthy
A: fangs 3, see invisible, unbreathing
a: no special abilities


You were on level 4 of the Dungeon.
You were full.

You visited 1 branch of the dungeon, and saw 4 of its levels.

You collected 63 gold pieces.

Inventory:

Hand weapons
 h - a +3,+1 dwarven dagger of venom (weapon)
Armour
 a - a +0 robe
 k - a +1 robe of resistance (worn)
Magical devices
 b - a wand of frost (11)
 g - a wand of flame (6)
Scrolls
 d - a scroll of teleportation {unknown}
 e - a scroll of noise {unknown}
 f - a scroll of enchant armour {unknown}
 j - a scroll of remove curse
 m - a scroll of fear {unknown}
 o - a scroll of identify {unknown}
Potions
 i - a potion of resistance
Books
 c - a book of Conjurations

   Spells                             Type                      Level
   *Magic Dart                        Conjuration                  1
   *Searing Ray                       Conjuration                  2
   Dazzling Spray                     Conjuration/Hexes            3
   Iskenderun's Mystic Blast          Conjuration                  4
   Iskenderun's Battlesphere          Conjuration/Charms           4
   Fulminant Prism                    Conjuration/Hexes            5


   Skills:
 - Level 2.1 Dodging
 - Level 3.0 Stealth
 - Level 2.0 Spellcasting
 * Level 5.2 Conjurations


You had 5 spell levels left.
You knew the following spells:

 Your Spells              Type           Power        Failure   Level  Hunger
a - Magic Dart            Conj           ###.         1%          1    #......
s - Searing Ray           Conj           ###...       3%          2    ##.....


Dungeon Overview and Level Annotations

Branches:
Dungeon (4/16)
 Temple: D:4-7

Altars:

Annotations:
D:2 Terence


Innate Abilities, Weirdness & Mutations

Your natural rate of healing is unusually fast.
You have razor-sharp teeth.*
You have supernaturally acute eyesight.
You can survive without breathing.*


Message History

The jackal is moderately wounded.
The jackal bites you.
* * * LOW HITPOINT WARNING * * *
You barely miss the jackal.
The jackal is moderately wounded.
The jackal barely misses you. The jackal bites you.
* * * LOW HITPOINT WARNING * * *
You hit the jackal but do no damage.
The jackal looks even sicker.
The jackal is moderately wounded.
The jackal barely misses you.
The jackal bites you but does no damage.
You closely miss the jackal.
The jackal is moderately wounded.
The jackal closely misses you. The jackal bites you.
* * * LOW HITPOINT WARNING * * *
Drink which item? (? for menu, Esc to quit)
You feel slightly nauseous.
It was a potion of poison.
The jackal bites you but does no damage.
The jackal bites you.
You die...

. ##.# ## ...
##..#####..##
...##...........###
#.......8..<..8.....
...##...h.......###
#. ##.h#####..## #c
##.# ## #h####.#
#.@h%..# ########


You could see a centaur and 2 jackals.

Vanquished Creatures
  A hound (D:4)
  2 orc wizards (D:3)
  Jessica (D:3)
  3 adders
  2 worms
  An ooze (D:1)
  2 orcs (D:3)
  7 goblins
  6 hobgoblins
  8 jackals
  10 kobolds
  A ball python (D:2)
  15 bats
  3 giant cockroaches
  3 giant geckos
  6 giant newts
  A quokka (D:2)
  5 rats
77 creatures vanquished.

Notes
Turn   | Place    | Note
--------------------------------------------------------------
     0 | D:1      | PolkaDot, the Vampire Conjurer, began the quest for the Orb.
     0 | D:1      | Reached XP level 1. HP: 13/13 MP: 3/3
   351 | D:1      | Reached XP level 2. HP: 19/19 MP: 0/4
   629 | D:1      | Learned a level 2 spell: Searing Ray
  1326 | D:1      | Reached XP level 3. HP: 22/24 MP: 0/6
  1677 | D:2      | Noticed Terence
  1813 | D:2      | Reached skill level 4 in Conjurations
  2534 | D:3      | Reached XP level 4. HP: 22/30 MP: 7/7
  2594 | D:3      | Noticed Jessica
  2624 | D:3      | Killed Jessica
  2710 | D:3      | Reached XP level 5. HP: 24/35 MP: 3/9
  3251 | D:3      | Reached skill level 5 in Conjurations
  3292 | D:4      | Noticed a centaur
  3302 | D:4      | Slain by a jackal

Action                   |  1- 3 |  4- 6 || total
-------------------------+-------+-------++-------
Melee: Unarmed           |    10 |       ||    10
       Dagger            |    57 |    66 ||   123
       Short sword       |     8 |       ||     8
 Cast: Magic Dart        |    66 |       ||    66
       Searing Ray       |     3 |     3 ||     6
Evoke: Wand              |     1 |     1 ||     2
  Use: Potion            |     1 |     4 ||     5
       Scroll            |     1 |       ||     1
 Stab: Sleeping          |     4 |     2 ||     6
